 Dungeon Crawl Stone Soup version 0.28.0-53-g5a82cb258f (webtiles) character file.

Game seed: 17192439362781202609

18 Zeld the Skirmisher (level 2, 0/27 HPs)
             Began as a Minotaur Berserker on May 23, 2022.
             Was a Follower of Trog.
             Slain by a gnoll
             ... wielding a +0 spear
              (6 damage)
             ... on level 1 of the Dungeon.
             The game lasted 00:00:23 (650 turns).

Zeld the Skirmisher (Minotaur Berserker)             Turns: 650, Time: 00:00:24

Health: 0/27       AC:  2    Str: 21    XL:     2   Next: 51%
Magic:  1/1        EV: 12    Int:  4    God:    Trog [*.....]
Gold:   52         SH:  0    Dex:  9    Spells: 1/1 levels left

rFire   . . .      SeeInvis .   a - +0 hand axe
rCold   . . .      Faith    .   (no shield)
rNeg    . . .      Spirit   .   b - +0 animal skin
rPois   .          Reflect  .   (helmet restricted)
rElec   .          Harm     .   (no cloak)
rCorr   .          Rampage  .   (no gloves)
Will    .....                   (no boots)
Stlth   +.........              (no amulet)
HPRegen 0.09/turn               (no ring)
MPRegen 0.07/turn               (no ring)

@: no status effects
A: horns 2, retaliatory headbutt
a: Renounce Religion, Berserk


You were on level 1 of the Dungeon.
You worshipped Trog.
Trog was aware of your devotion.
You visited 1 branch of the dungeon, and saw 1 of its levels.

You collected 52 gold pieces.

Inventory:

Hand Weapons
 a - a +0 hand axe (weapon)
Armour
 b - a +0 animal skin (worn)
Scrolls
 d - a scroll of enchant weapon {unknown}
Potions
 c - 3 potions of curing {unknown}
 e - a potion of berserk rage {unknown}


   Skills:
 * Level 4.1 Fighting
 * Level 4.0 Axes
 + Level 2.7 Armour
 + Level 2.4 Dodging


You had one spell level left.
You didn't know any spells.
Your spell library was empty.

Dungeon Overview and Level Annotations

Branches:
Dungeon (1/15)

Altars:

Shops:
D:1 =


Innate Abilities, Weirdness & Mutations

You have a pair of horns on your head.
You reflexively headbutt those who attack you in melee.


Message History

The goblin hits you with a +0 dagger.
You hit the goblin.
You kill the goblin!
Trog accepts your kill.
No target in view!
You see here a +0 dagger.
Search for what [? for help]? armor
Found a stone staircase leading down.
No target in view!
Found Plato's Papyrus of Moulding.
Found a faded altar of an unknown god.
You now have 43 gold pieces (gained 13).
Key pressed, stopping explore.
No target in view!
No target in view!
You now have 52 gold pieces (gained 9).
c - 3 glowing black potions (gained 1)
A gnoll comes into view. It is wielding a +0 spear.
The gnoll shouts!
A gnoll is nearby!
The gnoll hits you with a +0 spear!
A gnoll is nearby!
You barely miss the gnoll. You hit the plant.
The plant begins to die.
The gnoll hits you with a +0 spear!
A gnoll is nearby!
You are too injured to fight recklessly!
You are too injured to fight recklessly!
You are too injured to fight recklessly!
You hit the gnoll.
The gnoll is moderately wounded.
You hit the plant. The gnoll closely misses you.
Unknown command.
You hit the gnoll.
The gnoll is heavily wounded.
You hit the plant. The gnoll hits you with a +0 spear.
* * * LOW HITPOINT WARNING * * *
Unknown command.
You hit the gnoll. Your headbutt misses the gnoll.
The gnoll is severely wounded.
You hit the plant. The gnoll hits you with a +0 spear.
You die...

#........##..########
#.#.....#............
#.##...#P##...#######
#....P#.#P....#
#.#..#.#.##...######## #
#.##.#.#.#............. .
#.##.#.#.#_..######..[...
#.#..#.#g#...######. #.#
#....#.#@##......... ..
#.#...#.#P...######. #
#.##...#.##..# #.. #
#.###...#....# #†## ##
#........##..# #.###.
####..#......# #..#.#
#..#####..# #....#
#.>######.# #)...#
#.........# #.####


You could see a gnoll.

Vanquished Creatures
  An endoplasm (D:1)
  2 jackals (D:1)
  2 kobolds (D:1)
  2 quokkas (D:1)
  3 bats (D:1)
  3 frilled lizards (D:1)
  3 goblins (D:1)
  2 rats (D:1)
18 creatures vanquished.

Notes
Turn   | Place    | Note
-------+----------+-------------------------------------------
     0 | D:1      | Zeld the Minotaur Berserker began the quest for the Orb.
     0 | D:1      | Reached XP level 1. HP: 19/19 MP: 0/0
   176 | D:1      | Reached XP level 2. HP: 23/27 MP: 1/1
   488 | D:1      | Found Etrall's Jewellery Shoppe.
   601 | D:1      | Found a faded altar of an unknown god.
   650 | D:1      | Slain by a gnoll

Illustrated notes

Levels and vault maps discovered:
D:1:      dpeg_arrival_subterranean_lakeside_camping, layout_loops_ring,
          serial_shops, nicolae_shop_hallway_stairs,
          shapermc_ecumenical_altar_rom_forum

Skill      XL: |  1  2 |
---------------+-------+-----
Fighting       | 4 |  4.1
Axes           | 4 |  4.0
Armour         | |  2.7
Dodging        | |  2.4

Action                   || total
-------------------------++-------
Melee: Hand axe          ||    39
       Headbutt          ||     6
Armor: Animal skin       ||     6
Dodge: Dodged            ||    22
